General information
- name: BNet
- type: Ladder team game (AT/RT)
- host: Battle.net
- saver: NLGGERWCRMODS
map: Battleground
- players: 8
- length: 13:50
- speed: Fast
- version: 1.26 W3XP
- replay type: Public
» download(112 KB)
Players
team 1 (loser)

»
POLITIKIN (
teal | 53 APM | 702 actions | 13:19)
3 Paladin
1 Holy Light
1 Devotion Aura
1 Divine Shield
1 Mountain King
1 Storm Bolt
» actions
| Build / train | 35 | |
| Enter build submenu | 14 | |
| Enter hero's abilities submenu | 5 | |
| Remove unit from queue | 1 | |
| Right click | 460 | |
| Select / deselect | 143 | |
| Use ability | 44 | |
702 total
» units
» buildings
| Farm | 5 | |
| Barracks | 1 | |
| Altar of Kings | 1 | |
| Arcane Vault | 1 | |
| Scout Tower | 3 | |
| Lumber Mill | 1 | |
| Keep | 1 | |
| Guard Tower | 2 | |
| Blacksmith | 1 | |
16 total
» build order
00:35 Farm
00:40 Barracks
00:49 Farm
00:51 Altar of Kings
01:34 Farm
01:56 Arcane Vault
02:10 Scout Tower
02:15 Scout Tower
02:37 Scout Tower
02:56 Lumber Mill
04:20 Keep
04:20 Guard Tower
04:37 Blacksmith
04:41 Farm
04:44 Farm
05:42 Guard Tower
» items
| Scroll of Regeneration | 2 | |
| Lesser Clarity Potion | 2 | |
| Potion of Healing | 2 | |
| Potion of Mana | 1 | |
| Healing Salve | 1 | |
8 total
SeiKonNoQwAseR2 (
pink | 71 APM | 979 actions | 13:43)
2 Naga Sea Witch
1 Forked Lightning
1 Frost Arrows
» actions
| Assign group hotkey | 2 | |
| Basic commands | 27 | |
| Build / train | 46 | |
| ESC pressed | 3 | |
| Enter build submenu | 13 | |
| Enter hero's abilities submenu | 3 | |
| Give item / drop item | 1 | |
| Right click | 607 | |
| Select / deselect | 229 | |
| Select group hotkey | 9 | |
| Use ability | 39 | |
979 total
» units
| Peon | 11 | |
| Troll Headhunter/Berserker | 13 | |
| Shaman | 1 | |
25 total
» upgrades
| Ranged Weapons | 1 | |
| Armor | 1 | |
| Witch Doctor Training | 1 | |
| Shaman Training | 1 | |
4 total
» buildings
| Altar of Storms | 1 | |
| Orc Burrow | 3 | |
| War Mill | 1 | |
| Barracks | 1 | |
| Voodoo Lounge | 1 | |
| Stronghold | 1 | |
| Fortress | 1 | |
| Spirit Lodge | 2 | |
| Watch Tower | 2 | |
13 total
» build order
00:08 Altar of Storms
00:11 Orc Burrow
00:49 War Mill
01:01 Barracks
02:06 Orc Burrow
02:28 Voodoo Lounge
03:03 Orc Burrow
04:34 Stronghold
07:37 Fortress
07:41 Spirit Lodge
07:42 Spirit Lodge
09:39 Watch Tower
09:47 Watch Tower
» items
| Healing Salve | 2 | |
| Lesser Clarity Potion | 4 | |
| Scroll of Town Portal | 1 | |
| Potion of Healing | 3 | |
10 total
JesusIsMyLord2 (
green | 40 APM | 556 actions | 13:48)
2 Paladin
1 Holy Light
1 Devotion Aura
1 Mountain King
1 Storm Bolt
» actions
| Assign group hotkey | 9 | |
| Basic commands | 106 | |
| Build / train | 42 | |
| ESC pressed | 3 | |
| Enter build submenu | 17 | |
| Enter hero's abilities submenu | 3 | |
| Give item / drop item | 1 | |
| Right click | 164 | |
| Select / deselect | 148 | |
| Select group hotkey | 24 | |
| Use ability | 39 | |
556 total
» units
| Peasant | 11 | |
| Rifleman | 9 | |
| Gryphon Rider | 2 | |
22 total
» upgrades
| Armor | 3 | |
| Masonry | 1 | |
| Animal War Training | 1 | |
| Swords | 1 | |
6 total
» buildings
| Farm | 6 | |
| Altar of Kings | 1 | |
| Barracks | 1 | |
| Blacksmith | 1 | |
| Lumber Mill | 1 | |
| Scout Tower | 3 | |
| Guard Tower | 3 | |
| Keep | 1 | |
| Arcane Vault | 1 | |
| Castle | 1 | |
| Gryphon Aviary | 2 | |
21 total
» build order
00:50 Farm
01:06 Altar of Kings
01:21 Barracks
01:29 Farm
01:38 Blacksmith
01:51 Lumber Mill
02:12 Farm
02:28 Scout Tower
02:50 Scout Tower
02:57 Farm
03:16 Guard Tower
03:17 Guard Tower
03:25 Scout Tower
03:39 Farm
03:55 Guard Tower
04:25 Farm
05:58 Keep
08:08 Arcane Vault
10:16 Castle
10:18 Gryphon Aviary
10:20 Gryphon Aviary
» items
| Circlet of Nobility | 1 | |
| Potion of Healing | 1 | |
| Potion of Mana | 1 | |
| Scroll of Town Portal | 1 | |
4 total

»
tazer (
red | 54 APM | 724 actions | 13:25)
3 Mountain King
2 Storm Bolt
1 Bash
» actions
| Basic commands | 20 | |
| Build / train | 40 | |
| ESC pressed | 4 | |
| Enter build submenu | 18 | |
| Enter hero's abilities submenu | 3 | |
| Right click | 356 | |
| Select / deselect | 247 | |
| Use ability | 36 | |
724 total
» units
| Peasant | 8 | |
| Footman | 11 | |
| Mortar Team | 5 | |
24 total
» upgrades
| Gunpowder | 3 | |
| Lumber Harvesting | 1 | |
| Fragmentation Shards | 1 | |
5 total
» buildings
| Altar of Kings | 1 | |
| Farm | 6 | |
| Barracks | 1 | |
| Lumber Mill | 1 | |
| Scout Tower | 3 | |
| Arcane Vault | 1 | |
| Arcane Tower | 1 | |
| Keep | 1 | |
| Guard Tower | 1 | |
| Blacksmith | 1 | |
| Castle | 1 | |
| Workshop | 3 | |
21 total
» build order
00:35 Altar of Kings
00:47 Farm
00:53 Barracks
01:08 Farm
01:26 Lumber Mill
01:49 Scout Tower
02:06 Arcane Vault
02:24 Arcane Tower
02:48 Farm
03:08 Scout Tower
03:32 Farm
03:39 Scout Tower
04:24 Keep
04:27 Guard Tower
05:22 Blacksmith
07:47 Castle
07:49 Workshop
07:53 Workshop
07:55 Workshop
09:52 Farm
11:27 Farm
» items
| Scroll of Regeneration | 1 | |
| Lesser Clarity Potion | 1 | |
| Potion of Healing | 1 | |
3 total
team 2 (winner)
NLGGERWCRMODS (
orange | 64 APM | 890 actions | 13:50)
4 Death Knight
2 Death Coil
2 Unholy Aura
1 Lich
1 Frost Nova
» actions
| Assign group hotkey | 21 | |
| Build / train | 32 | |
| Enter build submenu | 11 | |
| Enter hero's abilities submenu | 6 | |
| Right click | 427 | |
| Select / deselect | 107 | |
| Select group hotkey | 243 | |
| Use ability | 43 | |
890 total
» units
| Acolyte | 2 | |
| Ghoul | 3 | |
| Crypt Fiend | 8 | |
| Forest Troll Shadow Priest | 1 | |
14 total
» upgrades
| Creature Attack | 1 | |
| Web | 1 | |
| Burrow | 1 | |
| Creature Carapace | 1 | |
4 total
» buildings
| Graveyard | 1 | |
| Crypt | 1 | |
| Ziggurat | 6 | |
| Altar of Darkness | 1 | |
| Tomb of Relics | 1 | |
| Nerubian Tower | 1 | |
| Halls of the Dead | 1 | |
| Black Citadel | 1 | |
| Sacrificial Pit | 1 | |
| Spirit Tower | 1 | |
| Boneyard | 2 | |
17 total
» build order
00:11 Graveyard
00:16 Crypt
00:41 Ziggurat
00:59 Altar of Darkness
01:46 Tomb of Relics
02:03 Ziggurat
02:35 Nerubian Tower
04:10 Ziggurat
05:25 Halls of the Dead
06:17 Ziggurat
09:20 Black Citadel
09:24 Sacrificial Pit
09:28 Ziggurat
09:29 Ziggurat
09:55 Spirit Tower
12:16 Boneyard
12:17 Boneyard
» items
JETS_FOOL (
yellow | 40 APM | 551 actions | 13:49)
4 Keeper of the Grove
1 Force of Nature
2 Entangling Roots
1 Thorns Aura
1 Priestess of the Moon
1 Trueshot Aura
» actions
| Assign group hotkey | 29 | |
| Basic commands | 1 | |
| Build / train | 42 | |
| Enter build submenu | 13 | |
| Enter hero's abilities submenu | 5 | |
| Right click | 269 | |
| Select / deselect | 126 | |
| Select group hotkey | 30 | |
| Use ability | 36 | |
551 total
» units
| Wisp | 12 | |
| Archer | 7 | |
| Huntress | 8 | |
| Glaive Thrower | 1 | |
28 total
» upgrades
| Strength of the Moon | 1 | |
| Moon Armor | 2 | |
| Strength of the Wild | 2 | |
5 total
» buildings
| Altar of Elders | 1 | |
| Moon Well | 6 | |
| Ancient of War | 1 | |
| Tree of Ages | 1 | |
| Hunter's Hall | 1 | |
| Ancient Protector | 2 | |
| Ancient of Lore | 2 | |
| Tree of Eternity | 1 | |
15 total
» build order
00:06 Altar of Elders
00:08 Moon Well
00:34 Ancient of War
01:28 Moon Well
03:05 Moon Well
03:55 Tree of Ages
03:58 Hunter's Hall
05:18 Moon Well
05:52 Ancient Protector
06:00 Ancient Protector
07:35 Moon Well
09:28 Ancient of Lore
09:37 Moon Well
10:26 Tree of Eternity
11:38 Ancient of Lore
DarKNeSSCaLLs- (
purple | 167 APM | 2312 actions | 13:49)
5 Death Knight
3 Death Coil
2 Unholy Aura
2 Lich
1 Frost Nova
1 Frost Armor
1 Crypt Lord
1 Impale
» actions
| Assign group hotkey | 45 | |
| Basic commands | 57 | |
| Build / train | 45 | |
| ESC pressed | 1 | |
| Enter build submenu | 14 | |
| Enter hero's abilities submenu | 9 | |
| Give item / drop item | 3 | |
| Right click | 1062 | |
| Select / deselect | 252 | |
| Select group hotkey | 695 | |
| Use ability | 129 | |
2312 total
» units
| Acolyte | 2 | |
| Ghoul | 2 | |
| Crypt Fiend | 8 | |
| Obsidian Statue | 4 | |
16 total
» upgrades
| Creature Attack | 2 | |
| Burrow | 1 | |
| Web | 1 | |
| Destroyer Form | 1 | |
5 total
» buildings
| Graveyard | 1 | |
| Crypt | 1 | |
| Altar of Darkness | 1 | |
| Ziggurat | 6 | |
| Tomb of Relics | 1 | |
| Nerubian Tower | 4 | |
| Halls of the Dead | 1 | |
| Slaughterhouse | 2 | |
| Black Citadel | 1 | |
18 total
» build order
00:09 Graveyard
00:11 Crypt
00:41 Altar of Darkness
00:58 Ziggurat
01:22 Tomb of Relics
01:53 Nerubian Tower
01:53 Nerubian Tower
01:53 Nerubian Tower
02:11 Ziggurat
03:36 Halls of the Dead
04:21 Ziggurat
06:46 Slaughterhouse
06:47 Ziggurat
07:54 Black Citadel
10:04 Slaughterhouse
11:16 Ziggurat
11:17 Ziggurat
» items
| Rod of Necromancy | 4 | |
| Potion of Mana | 1 | |
| Orb of Corruption | 1 | |
| Potion of Healing | 1 | |
7 total

»
shawn194 (
blue | 40 APM | 550 actions | 13:49)
3 Tauren Chieftain
1 War Stomp
2 Endurance Aura
1 Far Seer
1 Chain Lighting
» actions
| Assign group hotkey | 17 | |
| Basic commands | 15 | |
| Build / train | 41 | |
| Enter build submenu | 14 | |
| Enter hero's abilities submenu | 4 | |
| Right click | 230 | |
| Select / deselect | 140 | |
| Select group hotkey | 64 | |
| Use ability | 25 | |
550 total
» units
| Peon | 7 | |
| Grunt | 10 | |
| Shaman | 3 | |
| Troll Witch Doctor | 1 | |
| Tauren | 3 | |
24 total
» upgrades
| Armor | 1 | |
| Melee Weapons | 1 | |
| Shaman Training | 2 | |
| Witch Doctor Training | 2 | |
| Pillage | 1 | |
7 total
» buildings
| Altar of Storms | 1 | |
| War Mill | 1 | |
| Orc Burrow | 7 | |
| Barracks | 1 | |
| Voodoo Lounge | 1 | |
| Stronghold | 1 | |
| Spirit Lodge | 2 | |
| Fortress | 1 | |
| Tauren Totem | 1 | |
16 total
» build order
00:21 Altar of Storms
00:43 War Mill
00:50 Orc Burrow
01:16 Barracks
02:06 Orc Burrow
02:27 Voodoo Lounge
02:42 Orc Burrow
05:16 Stronghold
08:12 Spirit Lodge
08:15 Spirit Lodge
08:18 Fortress
09:04 Orc Burrow
09:41 Orc Burrow
11:23 Tauren Totem
12:23 Orc Burrow
13:40 Orc Burrow
» items
Chat log
(00:46 / Allies) NLGGERWCRMODS: rush or cc lawl
(01:04 / Allies) shawn194: rush i say
(01:10 / Allies) shawn194: they never expect on this ma[p
(01:35 / Allies) shawn194: you guys?
(02:09 / Allies) DarKNeSSCaLLs-: I wanna see one of your famous shredder attack circles
(02:15 / Allies) DarKNeSSCaLLs-: Too bad no shop here for it
(02:21 / Allies) NLGGERWCRMODS: oh u saw that
(02:26 / Allies) DarKNeSSCaLLs-: yeah i remember now
(02:30 / Allies) DarKNeSSCaLLs-: did you do
(02:33 / Allies) DarKNeSSCaLLs-: the us president backstab
(02:36 / Allies) DarKNeSSCaLLs-: or was that dratsab
(02:36 / Allies) NLGGERWCRMODS: yes
(02:38 / Allies) DarKNeSSCaLLs-: another funny one
(02:38 / Allies) NLGGERWCRMODS: with turncoat
(02:46 / Allies) DarKNeSSCaLLs-: Good lord that was hilarious
(02:48 / Allies) NLGGERWCRMODS: turncoat was legendary
(03:46 / Allies) DarKNeSSCaLLs-: all your replays on replayers, gone
(03:51 / Allies) DarKNeSSCaLLs-: they reset their database apparently
(03:55 / Allies) NLGGERWCRMODS: lame
(03:57 / Allies) NLGGERWCRMODS: i only use highperch now
(03:58 / Allies) NLGGERWCRMODS: easy
(04:01 / Allies) shawn194: we rushin?
(04:54 / Allies) DarKNeSSCaLLs-: if you gusy want
(04:57 / Allies) DarKNeSSCaLLs-: dont care
(05:11 / Allies) JETS_FOOL: too late to rush
(05:18 / Allies) DarKNeSSCaLLs-: never too late for a push my nigga
(05:27 / Allies) JETS_FOOL: green has towers
(05:42 / Allies) DarKNeSSCaLLs-: hit this fool
(05:45 / Allies) NLGGERWCRMODS: come niggas
(05:47 / Allies) JETS_FOOL: kk
(05:47 / Allies) DarKNeSSCaLLs-: 2 hurt footies and a palli
(06:23 / Allies) NLGGERWCRMODS: coming niggas
(07:16 / All) SeiKonNoQwAseR2: gg
(11:31 / All) POLITIKIN: you had 3 hh's and a level 2 witch cmon no
(11:39 / All) DarKNeSSCaLLs-: Yeah cmon no
(11:46 / All) DarKNeSSCaLLs-: dont blame your loss on the allies pink
(12:30 / All) POLITIKIN: yeah...like you....trying to place blame
(12:56 / All) NLGGERWCRMODS: the fuck we can tkill pinks hero
(12:58 / All) NLGGERWCRMODS: pissing me off
(13:10 / All) SeiKonNoQwAseR2: lol
(13:12 / All) DarKNeSSCaLLs-: why are you all still here
(13:17 / All) DarKNeSSCaLLs-: This must be a first
(13:41 / All) NLGGERWCRMODS: i dont think i've ever won a high ell rt game before
(13:47 / All) JesusIsMyLord2: stupid team
(13:47 / All) JETS_FOOL: haha noobs
(13:48 / All) JETS_FOOL: leave